AoeStats
← VIT Liereyy

Four Lakes

508635097Analyzed
1v1 RM · 10d ago on Sep 23, 2026· 35m 25s· 2 players
Game mode
Random Map
Map size
Tiny (2 player)
Population
200
Speed
Normal
Resources
Standard
Victory
Conquest
Starting age
Dark Age
Ending age
Imperial Age
RankedLock teamsTeams togetherTeam positionsShared explorationLock speedFull tech treeHidden civsTurbo modeCheats
Victory
Defeat
🇦🇹 Varangians · Austria
2930
+6
🇩🇪 Danes · Germany
2686
-6
RoR | Benanji
6:28 Loom
9:32 Feudal Age
9:46 Man-at-Arms
10:14 Double-Bit Axe
10:22 Arson
16:52 Fletching
19:58 Fishing Lines
30:18 Castle Age
30:28 Crossbowman
31:31 Bodkin Arrow
33:51 Ballistics
VIT Liereyy
9:08 Loom
11:13 Feudal Age
14:53 Castle Age
13:29 Double-Bit Axe
18:16 Scale Barding Armor
23:09 Bloodlines
31:46 Chain Barding Armor
33:24 Husbandry
34:13 Forging
36:20 Iron Casting
Connection lost

Rejoining the realm…

Still unreachable

The connection could not be restored.

Session expired

The server has moved on; the page needs a fresh start.